 Dungeon Crawl Stone Soup version 0.19.1 (webtiles) character file.

4321 sveltemanboy the Spear-Bearer (level 10, -6/77 (78) HPs)
             Began as a Merfolk Ice Elementalist on Dec 3, 2016.
             Was an Initiate of the Shining One.
             Mangled by a killer bee (8 damage)
             ... on level 8 of the Dungeon.
             The game lasted 00:30:48 (12721 turns).

sveltemanboy the Spear-Bearer (MfIE)               Turns: 12721, Time: 00:30:48

HP:   -6/77 (78)    AC: 10    Str:  9    XL:     10   Next: 33%
MP:   22/22         EV: 15    Int: 17    God:    the Shining One [......]
Gold: 416           SH:  6    Dex: 18    Spells: 4 memorised, 6 levels left

rFire  . . .     SeeInvis .     k - +0 trident
rCold  . . .     Gourm    .     a - +0 robe
rNeg   . . .     Faith    .     l - +0 buckler
rPois  .         Spirit   .     j - +0 helmet
rElec  .         Reflect  .     (no cloak)
rCorr  .         Harm     .     E - +0 pair of gloves
MR     .....                    (no boots)
Stlth  +.........               (no amulet)
                                o - +3 ring of dexterity
                                m - ring of magical power

@: lethally poisoned (-6 -> -9), icy armour, glowing, slow
A: change form in water, swift swim, stealthy swim, repulsion field 1, robust 1
a: Renounce Religion


You were on level 8 of the Dungeon.
You worshipped the Shining One.
The Shining One was noncommittal.
You were hungry.

You visited 2 branches of the dungeon, and saw 9 of its levels.
You also visited: Ossuary.

You collected 416 gold pieces.

Inventory:

Hand Weapons
 k - a +0 trident (weapon)
 A - a +3 spear of freezing
Missiles
 e - a throwing net (quivered)
Armour
 a - a +0 robe (worn)
 j - a +0 helmet (worn)
 l - a +0 buckler (worn)
 E - a +0 pair of gloves (worn)
Jewellery
 m - a ring of magical power (left hand)
 o - a +3 ring of dexterity (right hand)
Wands
 d - a wand of iceblast (4/15)
 p - a wand of paralysis (13/24)
 s - a wand of confusion (3/48)
 y - a wand of slowing (26/48)
 F - a wand of hasting (6/9)
Scrolls
 f - 3 scrolls of amnesia
 h - 2 scrolls of enchant armour
 q - 5 scrolls of identify
 t - 2 scrolls of enchant weapon
 w - 2 scrolls of remove curse
Potions
 i - a potion of berserk rage {unknown}
 r - a potion of magic
 v - 2 potions of flight
 C - a potion of might {unknown}
 D - a potion of degeneration {unknown}
Books
 b - a book of Frost

   Spells                             Type                      Level
   a - Freeze                         Ice                          1
   b - Throw Frost                    Conjuration/Ice              2
   c - Ozocubu's Armour               Charms/Ice                   3
   d - Throw Icicle                   Conjuration/Ice              4
   e - Summon Ice Beast               Ice/Summoning                4
Comestibles
 c - 4 bread rations
 g - 6 meat rations
 n - a slice of pizza
 u - 2 chunks of flesh
 B - 2 fruits


   Skills:
 - Level 4.1 Fighting
 - Level 14.0 Polearms
 + Level 1.2 Armour
 - Level 2.6 Dodging
 - Level 2.1 Stealth
 - Level 5.0 Shields
 - Level 2.0 Spellcasting
 - Level 0.7 Conjurations
 - Level 1.2 Summonings
 + Level 7.9 Ice Magic
 + Level 4.2 Invocations


You had 6 spell levels left.
You knew the following spells:

 Your Spells              Type           Power        Failure   Level  Hunger
a - Freeze                Ice            ####         1%          1    #......
b - Throw Frost           Conj/Ice       ###...       6%          2    ###....
c - Ozocubu's Armour      Chrm/Ice       ###.....     14%         3    ###....
d - Summon Small Mammal   Summ           #...         14%         1    #......


Dungeon Overview and Level Annotations

Branches:
Dungeon (8/15)             Temple (1/1) D:7
   Lair: D:8-11

Altars:
Ashenzari
Cheibriados
Dithmenos
Elyvilon
Fedhas
Hepliaklqana
Kikubaaqudgha
Makhleb
Nemelex Xobeh
Okawaru
Qazlal
Ru
Trog
Uskayaw
Vehumet
Xom
Yredelemnul
Zin
The Shining One

Shops:
D:7 *


Innate Abilities, Weirdness & Mutations

You revert to your normal form in water.
You are very nimble and swift while swimming.
You are very stealthy in the water. (Stealth+)
You are surrounded by a mild repulsion field. (EV +2)
You are robust. (+10% HP)


Message History

The killer bee barely misses you. The killer bee misses you.
The killer bee completely misses you. The killer bee barely misses you.
You feel sick. The killer bee stings you.
* * * LOW HITPOINT WARNING * * *
You are more poisoned.
The killer bee poisons you! The killer bee closely misses you.
The killer bee barely misses you.
You feel sick. The killer bee completely misses you.
The killer bee stings you but does no damage.
You hear the quick creaking of a very distant portcullis.
The killer bee closely misses you. You block the killer bee's attack.
The killer bee stings you.
* * * LOW HITPOINT WARNING * * *
You feel sick. You block the killer bee's attack. The killer bee stings you.
* * * LOW HITPOINT WARNING * * *
You block the killer bee's attack. The killer bee misses you. x2
* * * LOW HITPOINT WARNING * * *
You feel sick. The killer bee barely misses you.
You block the killer bee's attack. x2; The killer bee stings you!
You die...

##### #...# #########
#...############ #.......#
#...##.........# #.......#
###...##.......y.####.......#
..'...†......Y.y@'..'.......+
###...##.......yy####<......#
#...##.........# #.......#
#...##.........# #.......#
#...##.........# #.......#
######.........# #.......#
#...).....# #########
###########


You could see a sky beast and 4 killer bees.

Vanquished Creatures
  Pikel (D:7)
  A queen bee (D:8)
  A hungry ghost (D:7)
  An orc warrior (D:7)
  2 sky beasts
  A slave (D:7)
  2 ice beasts
  A necrophage (D:8)
  2 phantoms
  7 ogres
  2 centaurs (D:6)
  Blork the orc (D:4)
  A bullfrog (D:6)
  5 scorpions
  A wyvern skeleton (D:7)
  4 killer bees
  4 wights (D:6)
  A crimson imp (D:6)
  A centaur zombie (D:5)
  2 gnoll shamans (D:6)
  5 hounds
  3 orc priests
  A centaur skeleton (D:7)
  A jelly (D:7)
  3 iguanas
  6 orc wizards
  7 worker ants
  A killer bee zombie (D:8)
  A big kobold zombie (Ossuary)
  A hound skeleton (D:5)
  A worker ant zombie (D:5)
  19 gnolls
  13 adders
  A shadow imp (D:5)
  An adder skeleton (D:5)
  5 worms
  3 dart slugs
  3 leopard geckos
  19 orcs
  8 bats
  5 giant cockroaches
  A gnoll zombie (Ossuary)
  7 goblins
  3 hobgoblins
  9 jackals
  6 kobolds
  6 quokkas
  3 ball pythons
  A ball python skeleton (D:4)
  4 bat simulacra (Ossuary)
  5 frilled lizards
  4 goblin simulacra (Ossuary)
  2 goblin zombies (Ossuary)
  5 hobgoblin zombies (Ossuary)
  2 kobold simulacra (Ossuary)
  A leopard gecko zombie (D:5)
  4 orc zombies (Ossuary)
  6 rats
  5 rat simulacra (Ossuary)
222 creatures vanquished.

Vanquished Creatures (others)
  3 plants (D:6)
3 creatures vanquished.

Grand Total: 225 creatures vanquished

Notes
Turn   | Place    | Note
-------+----------+-------------------------------------------
     0 | D:1      | sveltemanboy the Merfolk Ice Elementalist began the quest for the Orb.
     0 | D:1      | Reached XP level 1. HP: 13/13 MP: 3/3
   156 | D:1      | Reached XP level 2. HP: 9/19 MP: 1/5
   324 | D:1      | Learned a level 2 spell: Throw Frost
   892 | D:1      | Reached XP level 3. HP: 19/24 MP: 2/6
  1617 | D:2      | Reached skill level 5 in Ice Magic
  1640 | D:2      | Reached skill level 1 in Polearms
  1640 | D:2      | Reached XP level 4. HP: 18/30 MP: 0/7
  1965 | D:2      | Reached skill level 2 in Polearms
  2724 | D:2      | Reached skill level 3 in Polearms
  2724 | D:2      | Reached XP level 5. HP: 27/35 MP: 0/8
  2945 | D:2      | Learned a level 3 spell: Ozocubu's Armour
  3674 | D:3      | Reached skill level 4 in Polearms
  4002 | D:3      | Found a white marble altar of Elyvilon.
  4551 | D:4      | Noticed a phantom
  4638 | D:4      | HP: 1/35 [phantom (7)]
  4639 | D:4      | Gained mutation: You are robust. (+10% HP) [potion of mutation]
  4639 | D:4      | Gained mutation: You are surrounded by a mild repulsion field. (EV +2) [potion of mutation]
  4643 | D:4      | Killed a phantom
  4643 | D:4      | Reached skill level 5 in Polearms
  4643 | D:4      | Reached skill level 1 in Shields
  4643 | D:4      | Reached XP level 6. HP: 8/45 MP: 2/9
  4962 | D:4      | Found a sand-covered staircase.
  4969 | Ossuary  | Entered an ossuary
  5240 | Ossuary  | Noticed TotoDurand's ghost (novice VSFi)
  5299 | D:4      | Reached skill level 6 in Polearms
  5299 | D:4      | Reached XP level 7. HP: 50/50 MP: 0/10
  5835 | D:4      | Noticed Blork the orc
  5858 | D:4      | Killed Blork the orc
  5858 | D:4      | Reached skill level 7 in Polearms
  6288 | D:5      | Entered Level 5 of the Dungeon
  6397 | D:5      | Reached skill level 8 in Polearms
  6516 | D:5      | Reached XP level 8. HP: 52/57 MP: 7/11
  7287 | D:5      | Reached skill level 5 in Shields
  7401 | D:5      | Reached skill level 9 in Polearms
  7653 | D:6      | Reached skill level 10 in Polearms
  8287 | D:6      | Reached skill level 11 in Polearms
  8787 | D:6      | Reached XP level 9. HP: 39/62 MP: 11/12
  8812 | D:6      | Reached skill level 12 in Polearms
  9504 | D:6      | Reached skill level 13 in Polearms
  9841 | D:6      | Found a blossoming altar of Fedhas.
 10118 | D:7      | Learned a level 1 spell: Summon Small Mammal
 10202 | D:7      | Found a staircase to the Ecumenical Temple.
 10236 | Temple   | Entered the Ecumenical Temple
 10330 | Temple   | Became a worshipper of the Shining One
 10387 | D:7      | Found Wosa's General Store.
 10448 | D:7      | Reached skill level 14 in Polearms
 10648 | D:7      | Reached skill level 1 in Summonings
 10657 | D:7      | Reached skill level 1 in Fighting
 10907 | D:7      | Reached skill level 1 in Invocations
 11512 | D:7      | Noticed Pikel
 11556 | D:7      | Killed Pikel
 11556 | D:7      | Reached XP level 10. HP: 43/78 MP: 13/13
 12290 | D:7      | HP: 3/78 [killer bee (2)]
 12691 | D:8      | Reached skill level 1 in Armour
 12720 | D:8      | HP: 3/77 [killer bee (3)]
 12721 | D:8      | Mangled by a killer bee

Skill      XL: |  1  2  3  4  5  6  7  8  9 10 |
---------------+-------------------------------+-----
Ice Magic      | 4 5 6 7 |  7.9
Polearms       | 1 3 5 6 8 11 14 | 14.0
Shields        | 1 2 4 5 |  5.0
Summonings     | 1 |  1.2
Fighting       | 3 4 |  4.1
Invocations    | 3 4 |  4.2
Armour         | 1 |  1.2
Dodging        | |  2.6
Stealth        | |  2.1
Spellcasting   | |  2.0
Conjurations   | |  0.7

Action                   |  1- 3 |  4- 6 |  7- 9 | 10-12 || total
-------------------------+-------+-------+-------+-------++-------
Melee: Spear             |    18 |   276 |   411 |       ||   705
       Unarmed           |    10 |       |       |       ||    10
       Trident           |       |       |   115 |    92 ||   207
 Cast: Freeze            |    38 |    27 |    64 |    29 ||   158
       Throw Frost       |     8 |    39 |   106 |     8 ||   161
       Ozocubu's Armour  |       |     3 |    21 |     6 ||    30
       Summon Small Mamm |       |       |       |     1 ||     1
Evoke: Wand              |       |     1 |     7 |     8 ||    16
  Use: Scroll            |       |     6 |     3 |     2 ||    11
       Potion            |       |     4 |     2 |     1 ||     7
 Stab: Sleeping          |       |     4 |     6 |       ||    10
       Distracted        |       |       |     1 |       ||     1
       Confused          |       |       |       |     3 ||     3
  Eat: Chunk             |     3 |    11 |    33 |     4 ||    51
       Pizza             |       |     1 |       |       ||     1
       Beef jerky        |       |     2 |       |       ||     2
       Fruit             |       |       |       |     2 ||     2
Armor: Robe              |     8 |    22 |    78 |    18 ||   126
       Skin              |       |     2 |       |       ||     2
Dodge: Dodged            |    46 |   157 |   199 |    64 ||   466
Block: Buckler           |       |       |    12 |    35 ||    47
